 Dungeon Crawl Stone Soup version 0.30-b1-2-g02819fbbbe (webtiles) character file.

Game seed: 699133536719513183

(classic levelgen) 98 EnegeticOcto the Covered (level 4, -8/40 HPs)
             Began as a Minotaur Fighter on May 8, 2023.
             Killed from afar by an orc wizard (10 damage)
             ... with a puff of flame
             ... on level 3 of the Dungeon.
             The game lasted 00:00:49 (1403 turns).

EnegeticOcto the Covered (Minotaur Fighter)         Turns: 1403, Time: 00:00:49

Health: -8/40      AC:  7    Str: 23    XL:     4   Next: 44%
Magic:  3/3        EV:  9    Int:  5    God:
Gold:   47         SH:  0    Dex:  9    Spells: 3/3 levels left

rFire   . . .        a - +0 war axe
rCold   . . .        c - +0 buckler
rNeg    . . .        b - +0 scale mail
rPois   .            (helmet restricted)
rElec   .            (no cloak)
rCorr   .            (no gloves)
SInv    .            (no boots)
Will    .....        (no amulet) Stlth
                     (no ring)
HPRegen 0.26/turn    (no ring)
MPRegen 0.08/turn

%: no passive effects
@: confused
A: horns 2, retaliatory headbutt
a: no special abilities


You were on level 3 of the Dungeon.
You visited 1 branch of the dungeon, and saw 3 of its levels.

You collected 47 gold pieces.

Inventory:

Hand Weapons
 a - a +0 war axe (weapon)
Armour
 b - a +0 scale mail (worn)
 c - a +0 buckler (worn)
Jewellery
 e - a +6 ring of strength
   (You found it on level 1 of the Dungeon)
 i - a ring of resist corrosion
   (You found it on level 1 of the Dungeon)
Scrolls
 f - 3 scrolls of magic mapping {unknown}
 h - 2 scrolls of identify {unknown}
 k - 2 scrolls of poison {unknown}
 l - a scroll of teleportation {unknown}
 m - a scroll of immolation {unknown}
 n - a scroll of torment {unknown}
Potions
 d - a potion of might {@q3}
 g - a potion of magic {unknown}
 j - a potion of degeneration {unknown}
 o - a potion of mutation {unknown}


   Skills:
 + Level 4.3 Fighting
 * Level 4.0 Axes
 + Level 4.3 Armour
 + Level 4.3 Shields


You had 3 spell levels left.
You didn't know any spells.
Your spell library was empty.

Dungeon Overview and Level Annotations

Branches:
Dungeon (3/15)

Altars:


Innate Abilities, Weirdness & Mutations

You have a pair of horns on your head.
You reflexively headbutt those who attack you in melee.


Message History

You are too confused!
You are too confused!
You are too confused!
You are too confused!
You are too confused!
You are too confused!
You are too confused!
You are too confused!
You are too confused!
You are too confused!
You slash the orc!
You kill the orc!
You closely miss the orc. The orc hits you but does no damage.
The orc priest invokes the aid of Beogh against you.
Pain shoots through your body!
The orc wizard gestures wildly while chanting.
The orc wizard flickers and vanishes!
You feel less confused.
The orc priest casts a cantrip, but nothing happens.
Something hits you but does no damage. The orc barely misses you.
You slash the orc priest! Your headbutt misses the orc priest.
The orc priest is almost dead.
You miss something. You hit the orc but do no damage.
You hear some strange, mumbled words.
A puff of flame appears from out of thin air!
The puff of flame misses you.
The orc priest invokes the aid of Beogh against you.
Beogh smites you! The orc hits you but does no damage.
You block something's attack. The orc priest hits you with a +0 whip.
You barely miss the orc priest.
You headbutt the orc priest, but do no damage.
The orc priest is almost dead.
You miss something. You hit the orc. You closely miss something.
Something hits you but does no damage. The orc barely misses you.
You furiously retaliate!
You headbutt the orc. Something hits you.
The orc priest hits you but does no damage.
You slash the orc priest!
You kill the orc priest!
You barely miss something. You miss something. You hit the orc.
You kill the orc!
You hear a splash. x2
Something hits you. Something hits you but does no damage.
You hear some strange, mumbled words.
Something tries to affect you, but you resist.
Your Axes skill increases to level 4!
You have reached level 4!
You feel stronger.
You closely miss the orc. You miss something. You hit the orc.
You hit something. The orc barely misses you. You furiously retaliate!
You headbutt the orc.
Something hits you but does no damage. x2
The orc splashes around in the water.
The orc hits you but does no damage. Something hits you.
You are too injured to fight recklessly!
You are too injured to fight recklessly!
You are too injured to fight recklessly!
You are too injured to fight recklessly!
You are too injured to fight recklessly!
You are too injured to fight recklessly!
You are too injured to fight recklessly!
You are too injured to fight recklessly!
You are too injured to fight recklessly!
You miss something. You slash the orc!
You kill the orc!
You barely miss something. You hit the orc.
Something hits you but does no damage. The orc hits you but does no damage.
Something completely misses you.
You closely miss something. You slash the orc!
You kill the orc!
You hear a splash.
You miss something. Something hits you. x2
* * * LOW HITPOINT WARNING * * *
Something hits you but does no damage.
You completely miss something. Your headbutt misses something.
You barely miss something. Something completely misses you. x2
Something hits you but does no damage.
You miss something. You barely miss something.
You hear some strange, mumbled words.
A magic dart appears from out of thin air!
The magic dart hits you.
* * * LOW HITPOINT WARNING * * *
Something hits you.
* * * LOW HITPOINT WARNING * * *
You hit something. You miss something.
Something hits you but does no damage. x2
You hear some strange, mumbled words.
You are confused.
Something hits you but does no damage. Something hits you.
* * * LOW HITPOINT WARNING * * *
Items here: )) [ ††.
You miss something. You completely miss something.
Something hits you but does no damage. Something hits you.
* * * LOW HITPOINT WARNING * * *
Something hits you but does no damage.
You miss something. x2; Something hits you but does no damage.
Something completely misses you. Something hits you.
* * * LOW HITPOINT WARNING * * *
You bump into the stone wall.
Something hits you but does no damage.
You hear some strange, mumbled words.
A puff of flame appears from out of thin air!
The puff of flame hits you!
You die...

###.# ##......##### #..#
)##.# #...........## #..##
....###...#######..# #...#
.........###$⌠$###.#####.#.#
#.#.####.##.....##.......#.#
#.#.# #.#.......#.#######.#
..#.# #.#.~...~.#.# #.#
###.# #.#.......#.# #.# #.#
#.#....){@#.# #.# #.#
.#.....{.#.# #.# #.#
.#.~...).#.# #.#
.#.......#.## #.#
............######.#
...?...>..<........#
[###.#####.######### #.. #.#
...# ..#


There were no monsters in sight!

Vanquished Creatures
  An orc priest (D:3)
  2 adders (D:2)
  2 dart slugs (D:1)
  4 orcs (D:3)
  3 ball pythons (D:1)
  2 endoplasms (D:1)
  A giant cockroach (D:1)
  3 goblins
  4 hobgoblins
  4 jackals (D:2)
  4 kobolds
  A quokka (D:1)
  3 bats
  5 frilled lizards
  3 rats
42 creatures vanquished.

Notes
Turn   | Place    | Note
-------+----------+-------------------------------------------
     0 | D:1      | EnegeticOcto the Minotaur Fighter began the quest for the
                  | Orb.
     0 | D:1      | Reached XP level 1. HP: 19/19 MP: 0/0
   140 | D:1      | Reached XP level 2. HP: 27/27 MP: 1/1
   609 | D:2      | Reached XP level 3. HP: 33/33 MP: 2/2
  1394 | D:3      | Reached XP level 4. HP: 17/40 MP: 3/3
  1402 | D:3      | HP: 2/40 [something (3)]
  1403 | D:3      | Killed from afar by an orc wizard

Illustrated notes

Levels and vault maps discovered:
D:1:      minmay_arrival_shattered_statue, layout_loops_ring
D:2:      layout_loops_ring
D:3:      cheibrodos_pilgrimage, layout_loops_ring,
          chequers_serial_rivers_room_a, kennysheep_doodads,
          minmay_misc_feat_square, uniq_terence

Skill      XL: |  1  2  3 |
---------------+----------+-----
Axes           | 3 4 |  4.0
Armour         | 4 |  4.3
Fighting       | 4 |  4.3
Shields        | 4 |  4.3

Action                     |  1- 3 |  4- 6 || total
---------------------------+-------+-------++-------
  Melee: War axe           |    92 |     8 ||   100
         Headbutt          |    11 |       ||    11
 Armour: Scale mail        |    48 |    14 ||    62
  Dodge: Dodged            |    41 |     5 ||    46
  Block: Buckler           |    21 |       ||    21
